 Dungeon Sprint DCSS version 0.22-a0-358-g7563fe7 (webtiles) character file.

326075 Kidiri the Conqueror (level 20, -4/157 HPs)
             Began as a Gargoyle Gladiator on Apr 18, 2018.
             Was the Champion of the Shining One.
             Killed from afar by an orb of fire (66 damage)
             ... with a bolt of fire
             ... in the Dungeon (Sprint IX: "|||||||||||||||||||||||||||||").
             The game lasted 00:42:51 (15619 turns).

Kidiri the Conqueror (Gargoyle Gladiator)          Turns: 15619, Time: 00:42:52

Health: -4/157     AC: 50    Str: 32    XL:     20   Next: 17%
Magic:  10/21      EV: 23    Int: 11    God:    the Shining One [******]
Gold:   1435       SH: 44    Dex: 17    Spells: 19/19 levels left

rFire    . . .     SeeInvis .   N - +9 sacred scourge (holy)
rCold    + . .     Gourm    .   S - +3 large shield
rNeg     + + +     Faith    .   O - +3 plate armour "Mohe" {rPois rC+ Stlth+}
rPois    ∞         Spirit   .   (helmet restricted)
rElec    +         Reflect  +   E - +4 cloak of Wixt {rN+ MP-9 Int+2}
rCorr    .         Harm     .   c - +2 pair of gloves
MR       ++++.     NoTele   +   p - +2 pair of boots
Stlth    ..........             U - amulet "Emnon" {Reflect *Contam Str+3 Slay+2 SH+2 Stlth+}
HPRegen  0.00/turn              B - ring "Sennufy" {MR++ Dex+5 Stlth-}
MPRegen  0.17/turn              s - +3 ring of strength

@: divine shield, glowing
A: antennae 1, big wings, deformed body, deterioration 1, low mp 1, magic
resistance 1, negative energy resistance 1, electricity resistance, inhibited
regeneration, unbreathing, petrification resistance, rot immunity, subdued magic
1, AC +15
}: 5/15 runes: decaying, serpentine, barnacled, silver, gossamer
a: Fly, Divine Shield, Cleansing Flame, Summon Divine Warrior, Renounce Religion


You were in the Dungeon.
You worshipped the Shining One.
The Shining One was exalted by your worship.
You were not hungry.

You visited 1 branch You collected 1979 gold pieces.
You spent 544 gold pieces at shops.

Inventory:

Hand Weapons
 d - the +5 flail of Demand {elec, rC+ MR+ Dex+4}
   (You bought it in a shop in the Dungeon)

   Occasionally, upon striking a foe, it will discharge some electrical energy
   and cause terrible harm.
   It affects your dexterity (+4).
   It protects you from cold.
   It affects your resistance to hostile enchantments.
 N - a +9 sacred scourge of holy wrath (weapon)
Missiles
 q - 2 steel javelins
 t - a javelin of penetration
 F - 6 steel tomahawks (quivered)
 G - 24 javelins
Armour
 c - a +2 pair of gloves (worn)
 p - a +2 pair of boots (worn)
 E - the +4 cloak of Wixt (worn) {rN+ MP-9 Int+2}
   (Okawaru gifted it to you in the Dungeon)

   It affects your intelligence (+2).
   It protects you from negative energy.
   It affects your magic capacity (-9).
 O - the +3 plate armour "Mohe" (worn) {rPois rC+ Stlth+}
   (You found it in the Dungeon)

   It protects you from cold.
   It protects you from poison.
   It makes you more stealthy.
 Q - a scarf of resistance
 S - a +3 large shield (worn)
 T - a +0 helmet
Jewellery
 s - a +3 ring of strength (right hand)
 z - an uncursed ring of protection from fire
 B - the ring "Sennufy" (left hand) {MR++ Dex+5 Stlth-}
   (You found it in the Dungeon)

   [ring of loudness]

   It affects your dexterity (+5).
   It affects your resistance to hostile enchantments.
   It makes you less stealthy.
 I - an uncursed ring of see invisible
 J - an uncursed ring of protection from fire
 K - an uncursed ring of protection from magic
 U - the amulet "Emnon" (around neck) {Reflect *Contam Str+3 Slay+2 SH+2 Stlth+}
   (You found it in the Dungeon)

   [amulet of reflection]

   It shields you and reflects attacks.
   It affects your strength (+3).
   It affects your accuracy and damage with ranged weapons and melee attacks
   (+2).
   It causes magical contamination when unequipped.
   It affects your SH (+2).
   It makes you more stealthy.
 V - the ring "Ikalofy" {rF+ rC+ rN++ Stlth-}
   (You found it in the Dungeon)

   [ring of protection from cold]

   It protects you from fire.
   It protects you from cold.
   It greatly protects you from negative energy.
   It makes you less stealthy.
 W - the ring of Kum Xifagud {Fire MR++ Int-4}
   (You found it in the Dungeon)

   [ring of fire]

   It enhances your fire magic.
   It affects your intelligence (-4).
   It protects you from fire.
   It makes you vulnerable to cold.
   It affects your resistance to hostile enchantments.
 X - the ring of the Priest {rF++ MR++ EV+3 Str-4}
   (You found it in the Dungeon)

   [ring of evasion]

   It affects your evasion (+3).
   It affects your strength (-4).
   It greatly protects you from fire.
   It affects your resistance to hostile enchantments.
 Y - the ring of the Empty Page {rPois Dex+3}
   (You found it in the Dungeon)

   [ring of dexterity]

   It affects your dexterity (+3).
   It protects you from poison.
Wands
 o - a wand of acid (10)
Scrolls
 k - 2 scrolls of blinking
 m - 3 scrolls of remove curse
 n - 2 scrolls of amnesia
 w - 8 scrolls of enchant weapon
 x - 2 scrolls of fog
 y - 3 scrolls of identify
 P - 7 scrolls of fear
Potions
 a - a potion of resistance
 e - a potion of invisibility
 g - 3 potions of heal wounds
 h - 6 potions of haste
 i - 4 potions of magic
 j - 6 potions of curing
 l - 4 potions of brilliance
 u - a potion of might
 H - 6 potions of agility


   Skills:
 O Level 27 Fighting
 O Level 27 Maces & Flails
 + Level 23.4 Throwing
 O Level 27 Armour
 + Level 21.9 Dodging
 + Level 22.3 Shields
 - Level 17.2 Invocations
 + Level 18.9 Evocations


You had 19 spell levels left.
You didn't know any spells.

Dungeon Overview and Level Annotations

Branches:
Dungeon (1/1)

Altars:
Cheibriados
Dithmenos
Elyvilon
Fedhas
Gozag
Hepliaklqana
Kikubaaqudgha
Makhleb
Nemelex Xobeh
Okawaru
Qazlal
Ru
Sif Muna
Trog
Uskayaw
Vehumet
Wu Jian
Xom
Yredelemnul
Zin
The Shining One
Beogh
Jiyva
Lugonu

Shops:
D (?*}


Innate Abilities, Weirdness & Mutations

You are resistant to torment.
Your stone body is resilient. (AC +15)
You are immune to poison.
Your large and strong wings let you fly indefinitely.
You resist negative energy. (rN+)
You are resistant to electric shocks. (rElec)
You can survive without breathing.
You are immune to petrification.
You are immune to rotting.
You have a pair of small antennae on your head.
Armour fits poorly on your strangely shaped body.
Your body sometimes deteriorates upon taking damage.
Your magical capacity is low. (-10% MP)
You are resistant to hostile enchantments. (MR+)
You do not regenerate when monsters are visible.
Your spells are a little easier to cast, but a little less powerful.


Message History

The fireball explodes!
The fireball engulfs you!
Really renounce your faith, foregoing its fabulous benefits?
Okay, then.
You are momentarily dazzled by a brilliant light.
You feel somewhat more hungry.
The orb of fire glows deep purple.
Your angel twists and deforms.
What are your orders? t - Shout!
Orders for allies: a - Attack new target. p - Attack previous target. r - Retreat! s - Stop attacking. g - Guard the area. f - Follow me.
Anything else - Cancel.
Gang up on whom?
Press: ? - help, Dir - move target cursor, f/p - orb of fire
Aim: an orb of fire (heavily damaged, haloed) Attack!
The orb of fire glows yellow.
The bolt of fire hits your angel. The bolt of fire hits you!
You die...

.▓.▓.▓)▓.▓)▓.▓.▓.▓§▓
.▓)▓.▓)▓.▓)▓.▓)▓.▓§▓
.▓.▓.▓)▓.▓)▓.▓)▓.▓+▓
.▓)▓.▓.▓.▓.▓.▓.▓.▓§▓
.▓.▓.▓)▓.▓.▓.▓.▓.▓.▓
.▓.▓.▓)▓.▓.▓.▓.▓.▓§▓
.▓.▓.▓)▓.▓.▓.▓.▓.▓§▓
.▓.▓.▓)▓.▓.▓.▓)▓.▓§▓
.▓.▓.▓)▓.▓.▓.▓.▓@▓.▓
.▓.▓.▓)▓.▓.▓.▓'▓A▓.▓
.▓.▓.▓)▓.▓.▓.▓.▓.▓.▓
.▓.▓.▓)▓.▓.▓.▓.▓.▓.▓
.▓.▓.▓)▓.▓.▓.▓.▓*▓.▓
.▓.▓.▓(▓.▓.▓.▓.▓.▓'▓
.▓.▓.▓.▓.▓.▓.▓.▓(▓.▓
.▓'▓.▓.▓.▓)▓.▓[▓(▓.▓
.▓.▓.▓.▓.▓.▓.▓[▓.▓*▓


You could see an orb of fire and a friendly angel.

Vanquished Creatures
  2 ancient liches (D)
  3 orbs of fire (D)
  Sojobo (D)
  6 golden dragons (D)
  Saint Roka (D)
  A curse toe (D)
  2 electric golems (D)
  3 tentacled monstrosities (D)
  19 Orb Guardians (D)
  A deep elf blademaster (D)
  A titan (D)
  A deep elf master archer (D)
  2 death cobs (D)
  A sphinx (D)
  3 tengu reavers (D)
  7 shadow dragons (D)
  3 storm dragons (D)
  2 draconian monks (D)
  3 fire giants (D)
  7 nagarajas (D)
  Ilsuiw (D)
  5 frost giants (D)
  A vault warden (D)
  4 emperor scorpions (D)
  3 orc warlords (D)
  2 draconian knights (D)
  2 draconian scorchers (D)
  3 ghost moths (D)
  A draconian stormcaller (D)
  3 draconian annihilators (D)
  An ironheart preserver (D)
  Aizul (D)
  5 stone giants (D)
  An entropy weaver (D)
  3 black draconians (D)
  3 vampire knights (D)
  2 green draconians (D)
  2 very ugly things (D)
  2 yellow draconians (D)
  3 purple draconians (D)
  2 spark wasps (D)
  4 white draconians (D)
  Azrael (D)
  A red draconian (D)
  3 ettins (D)
  2 merfolk javelineers (D)
  5 fire dragons (D)
  Josephine (D)
  3 yaktaur captains (D)
  2 great orbs of eyes (D)
  5 ogre magi (D)
  Erolcha (D)
  5 merfolk impalers (D)
  25 vault guards (D)
  3 ice dragons (D)
  5 hydras (D)
  3 rakshasas (D)
  An anaconda (D)
  A spriggan air mage (D)
  A ghost crab (D)
  3 centaur warriors (D)
  A death knight (D)
  3 merfolk avatars (D)
  3 merfolk aquamancers (D)
  2 naga warriors (D)
  An alligator (D)
  3 tengu warriors (D)
  2 deep troll earth magi (D)
  A shock serpent (D)
  A two-headed ogre (D)
  Nergalle (D)
  A deep elf knight (D)
  2 sea snakes (D)
  5 swamp dragons (D)
  A naga ritualist (D)
  A wizard (D)
  2 harpies (D)
  10 orc knights (D)
  2 orb spiders (D)
  2 ugly things (D)
  2 ironbrand convokers (D)
  A mana viper (D)
  3 wolf spiders (D)
  2 orc sorcerers (D)
  A deep elf mage (D)
  2 manticores (D)
  10 elephants (D)
  8 moths of wrath (D)
  3 guardian serpents (D)
  Joseph (D)
  4 vault sentinels (D)
  4 black mambas (D)
  A naga mage (D)
  A merfolk siren (D)
  A torpor snail (D)
  A spiny frog (D)
  2 yaktaurs (D)
  2 demonic crawlers (D)
  2 yaktaurs (shapeshifter) (D)
  A queen bee (shapeshifter) (D)
  6 merfolk (D)
  2 tyrant leeches (D)
  A hornet (D)
  4 jumping spiders (D)
  2 bog bodies (D)
  A blink frog (shapeshifter) (D)
  A slime creature (shapeshifter) (D)
  2 slime creatures (D)
  3 snapping turtles (D)
  A hippogriff (D)
  2 redbacks (D)
  3 tarantellas (D)
  5 wraiths (D)
  A fire elemental (D)
  A yak (D)
  A tarantella (shapeshifter) (D)
  A spriggan (shapeshifter) (D)
  A wyvern (D)
  A human (shapeshifter) (D)
  A basilisk (D)
  2 nagas (D)
  2 acid dragons (D)
  5 hell hounds (D)
  2 water moccasins (D)
  2 porcupines (D)
  23 orc warriors (D)
  2 sky beasts (D)
  A black bear (D)
  An eye of draining (shapeshifter) (D)
  An eye of draining (D)
  2 boggarts (D)
  A centaur (D)
  4 crocodiles (D)
  4 bullfrogs (D)
  A killer bee (D)
  A hound (D)
  2 orc priests (D)
  6 orc wizards (D)
  An adder zombie (D)
  A worm (D)
  A dart slug (D)
  A leopard gecko (D)
  16 orcs (D)
  2 bats (D)
  A goblin (D)
  A jackal (D)
  A quokka (D)
  A rat (D)
418 creatures vanquished.

Vanquished Creatures (others)
  3 hydras (D)
  A spatial maelstrom (D)
  A swamp dragon (D)
5 creatures vanquished.

Grand Total: 423 creatures vanquished

Notes
Turn   | Place    | Note
-------+----------+-------------------------------------------
     0 | D        | Kidiri the Gargoyle Gladiator began the quest for the Orb.
     0 | D        | Reached XP level 1. HP: 12/12 MP: 1/1
     4 | D        | Banished a spatial maelstrom
     8 | D        | Reached skill level 1 in Armour
    23 | D        | Reached XP level 2. HP: 19/19 MP: 2/2
    33 | D        | Noticed a centaur
    60 | D        | Killed a centaur
    60 | D        | Reached skill level 5 in Fighting
    60 | D        | Reached skill level 5 in Maces & Flails
    60 | D        | Reached XP level 3. HP: 3/26 MP: 3/3
    60 | D        | Reached XP level 4. HP: 4/31 MP: 4/4
    69 | D        | Found a roughly hewn altar of Beogh.
    69 | D        | Found a snail-covered altar of Cheibriados.
    69 | D        | Found a shadowy altar of Dithmenos.
    69 | D        | Found a white marble altar of Elyvilon.
    69 | D        | Found a blossoming altar of Fedhas.
    69 | D        | Found an opulent altar of Gozag.
    70 | D        | Found a hazy altar of Hepliaklqana.
    71 | D        | Found a viscous altar of Jiyva.
    72 | D        | Found an ancient bone altar of Kikubaaqudgha.
    73 | D        | Found a corrupted altar of Lugonu.
    74 | D        | Found a burning altar of Makhleb.
    75 | D        | Found a sparkling altar of Nemelex Xobeh.
    76 | D        | Found an iron altar of Okawaru.
    77 | D        | Found a stormy altar of Qazlal.
    78 | D        | Found a sacrificial altar of Ru.
    79 | D        | Found a deep blue altar of Sif Muna.
    80 | D        | Found a bloodstained altar of Trog.
    81 | D        | Found a hide-covered altar of Uskayaw.
    82 | D        | Found a radiant altar of Vehumet.
    83 | D        | Found an ornate altar of the Wu Jian Council.
    84 | D        | Became a worshipper of Warmaster Okawaru
    85 | D        | Found a shimmering altar of Xom.
    86 | D        | Found a basalt altar of Yredelemnul.
    87 | D        | Found a glowing silver altar of Zin.
    88 | D        | Found a glowing golden altar of the Shining One.
   322 | D        | Noticed an orc warrior
   322 | D        | Noticed a hippogriff
   322 | D        | Noticed a sky beast
   326 | D        | Killed a sky beast
   326 | D        | Reached XP level 5. HP: 37/37 MP: 5/5
   333 | D        | Killed a hippogriff
   333 | D        | Reached * piety under Okawaru
   333 | D        | Reached XP level 6. HP: 24/44 MP: 6/6
   342 | D        | Killed an orc warrior
   342 | D        | Reached XP level 7. HP: 20/49 MP: 7/7
   346 | D        | Reached skill level 5 in Throwing
   346 | D        | Reached skill level 5 in Dodging
   560 | D        | Noticed a deep elf mage
   560 | D        | Noticed a manticore
   560 | D        | Noticed a fire crab
   560 | D        | Noticed a two-headed ogre
   562 | D        | Noticed a queen bee
   562 | D        | a fire crab changed into a queen bee
   567 | D        | Killed a two-headed ogre
   567 | D        | Reached ** piety under Okawaru
   567 | D        | Reached *** piety under Okawaru
   567 | D        | Reached skill level 10 in Fighting
   567 | D        | Reached XP level 8. HP: 57/57 MP: 8/8
   577 | D        | Killed a queen bee
   577 | D        | Reached skill level 10 in Armour
   580 | D        | Reached skill level 10 in Maces & Flails
   587 | D        | Killed a manticore
   587 | D        | Reached **** piety under Okawaru
   587 | D        | Reached XP level 9. HP: 42/64 MP: 9/9
   592 | D        | Killed a deep elf mage
   592 | D        | Received a gift from Okawaru
   957 | D        | Noticed an elephant
   965 | D        | Killed an elephant
   965 | D        | Reached ***** piety under Okawaru
   968 | D        | Reached XP level 10. HP: 50/72 MP: 7/10
  1067 | D        | Noticed an elephant
  1070 | D        | Noticed a black mamba
  1071 | D        | Received a gift from Okawaru
  1082 | D        | Noticed a torpor snail
  1085 | D        | Killed an elephant
  1085 | D        | Received a gift from Okawaru
  1101 | D        | Killed a black mamba
  1106 | D        | Killed a torpor snail
  1294 | D        | Noticed an elephant
  1294 | D        | Noticed an elephant
  1294 | D        | Noticed an elephant
  1294 | D        | Noticed an elephant
  1294 | D        | Noticed an elephant
  1294 | D        | Noticed an elephant
  1299 | D        | Killed an elephant
  1299 | D        | Killed an elephant
  1299 | D        | Received a gift from Okawaru
  1299 | D        | Killed an elephant
  1300 | D        | Killed an elephant
  1300 | D        | Received a gift from Okawaru
  1302 | D        | Killed an elephant
  1302 | D        | Killed an elephant
  1302 | D        | Reached XP level 11. HP: 72/80 MP: 9/11
  1342 | D        | Got the ring "Sennufy" {MR++ Dex+5 Stlth-}
  1489 | D        | Noticed Josephine
  1505 | D        | Killed Josephine
  1505 | D        | Received a gift from Okawaru
  1505 | D        | Reached skill level 1 in Invocations
  1505 | D        | Reached skill level 1 in Evocations
  1530 | D        | Got a distressingly furry cloak {god gift}
  1541 | D        | Identified the +4 cloak of Wixt {rN+ MP-9 Int+2} (Okawaru gifted it to you in the Dungeon)
  1549 | D        | Noticed Joseph
  1565 | D        | Killed Joseph
  1599 | D        | Noticed Erolcha
  1609 | D        | Killed Erolcha
  1717 | D        | Reached skill level 15 in Fighting
  1722 | D        | Noticed an ettin
  1732 | D        | Killed an ettin
  1732 | D        | Reached skill level 15 in Armour
  1818 | D        | Noticed an orc knight
  1824 | D        | Noticed an orc sorcerer
  1827 | D        | Killed an orc sorcerer
  1827 | D        | Reached ****** piety under Okawaru
  1832 | D        | Killed an orc knight
  1887 | D        | Found Verhot's Gadget Boutique.
  1887 | D        | Noticed an orc knight
  1887 | D        | Noticed an orc knight
  1887 | D        | Noticed an orc knight
  1892 | D        | Reached XP level 12. HP: 53/88 MP: 3/15
  1895 | D        | Reached skill level 5 in Invocations
  1898 | D        | Found Zakap's General Store.
  1903 | D        | Received a gift from Okawaru
  1903 | D        | Reached skill level 10 in Throwing
  1907 | D        | Found Puntecs's Magic Scroll Boutique.
  1909 | D        | Found Rainenent's Antique Weapon Shop.
  1924 | D        | Reached skill level 15 in Maces & Flails
  1987 | D        | Bought a polished flail for 195 gold pieces
  1989 | D        | Bought a scroll of fog for 28 gold pieces
  1989 | D        | Bought a scroll of enchant weapon for 105 gold pieces
  1991 | D        | Bought 4 javelins for 41 gold pieces
  1991 | D        | Bought a scroll of fog for 26 gold pieces
  1991 | D        | Bought a scroll of enchant weapon for 97 gold pieces
  1991 | D        | Bought a potion of agility for 52 gold pieces
  1993 | D        | Identified the +5 flail of Demand {elec, rC+ MR+ Dex+4} (You bought it in a shop in the Dungeon)
  2470 | D        | Noticed a centaur warrior
  2470 | D        | Noticed a centaur warrior
  2474 | D        | Received a gift from Okawaru
  2476 | D        | Noticed a spark wasp
  2478 | D        | Noticed a deep troll earth mage
  2478 | D        | Killed a centaur warrior
  2480 | D        | Noticed an ogre mage
  2481 | D        | Killed a centaur warrior
  2482 | D        | Killed a spark wasp
  2484 | D        | Noticed a rakshasa
  2485 | D        | Killed a deep troll earth mage
  2488 | D        | Noticed a great orb of eyes
  2493 | D        | Killed an ogre mage
  2493 | D        | Received a gift from Okawaru
  2493 | D        | Reached skill level 10 in Dodging
  2501 | D        | Killed a rakshasa
  2506 | D        | Killed a great orb of eyes
  2506 | D        | Received a gift from Okawaru
  2506 | D        | Received a gift from Okawaru
  2607 | D        | Noticed Azrael
  2612 | D        | Killed Azrael
  2612 | D        | Reached XP level 13. HP: 83/96 MP: 9/18
  2613 | D        | Received a gift from Okawaru
  2730 | D        | Received a gift from Okawaru
  2797 | D        | Noticed a nagaraja
  2802 | D        | Killed a nagaraja
  3045 | D        | Noticed a vampire knight
  3045 | D        | Noticed a great orb of eyes
  3045 | D        | Noticed a rakshasa
  3045 | D        | Noticed a stone giant
  3045 | D        | Noticed a frost giant
  3047 | D        | Reached skill level 10 in Invocations
  3050 | D        | Killed a vampire knight
  3050 | D        | Gained mutation: Your large and strong wings let you fly indefinitely. [Gargoyle growth]
  3050 | D        | Reached XP level 14. HP: 104/104 MP: 4/21
  3052 | D        | Killed a frost giant
  3052 | D        | Received a gift from Okawaru
  3052 | D        | Killed a stone giant
  3056 | D        | Noticed a vampire knight
  3073 | D        | Noticed a tengu reaver
  3103 | D        | Killed a tengu reaver
  3105 | D        | Killed a vampire knight
  3445 | D        | Received a gift from Okawaru
  3496 | D        | HP: 4/107 [fire dragon/blast of flame (28)]
  3950 | D        | Received a gift from Okawaru
  3999 | D        | Received a gift from Okawaru
  4016 | D        | Received a gift from Okawaru
  4021 | D        | Noticed a frost giant
  4026 | D        | Noticed an ironheart preserver
  4047 | D        | Killed an ironheart preserver
  4049 | D        | Killed a frost giant
  4063 | D        | Noticed a vault warden
  4080 | D        | Killed a vault warden
  4087 | D        | Reached XP level 15. HP: 65/114 MP: 12/24
  4491 | D        | Got the +3 plate armour "Mohe" {rPois rC+ Stlth+}
  4587 | D        | Noticed Nergalle
  4600 | D        | Killed Nergalle
  4643 | D        | Noticed an emperor scorpion
  4643 | D        | Noticed an emperor scorpion
  4654 | D        | Noticed an emperor scorpion
  4661 | D        | Killed a ghost moth
  4662 | D        | Killed an emperor scorpion
  4664 | D        | Killed an emperor scorpion
  4667 | D        | Killed an emperor scorpion
  4669 | D        | Noticed an emperor scorpion
  4691 | D        | Killed an emperor scorpion
  4697 | D        | Killed a ghost moth
  4713 | D        | Got a gossamer rune of Zot
  4918 | D        | Noticed a nagaraja
  4918 | D        | Noticed a nagaraja
  4918 | D        | Noticed a nagaraja
  4931 | D        | Killed a nagaraja
  4934 | D        | Noticed a nagaraja
  4934 | D        | Killed a nagaraja
  4934 | D        | Received a gift from Okawaru
  4934 | D        | Killed a nagaraja
  4934 | D        | Received a gift from Okawaru
  4943 | D        | Noticed a nagaraja
  4947 | D        | Killed a nagaraja
  4951 | D        | Noticed a nagaraja
  4956 | D        | Killed a nagaraja
  4973 | D        | Killed a nagaraja
  4985 | D        | Got a serpentine rune of Zot
  5078 | D        | Got a decaying rune of Zot
  5105 | D        | Noticed Ilsuiw
  5120 | D        | Killed Ilsuiw
  5120 | D        | Received a gift from Okawaru
  5120 | D        | Reached XP level 16. HP: 124/124 MP: 10/26
  5157 | D        | Got a barnacled rune of Zot
  5203 | D        | Noticed Aizul
  5218 | D        | Killed Aizul
  5396 | D        | Received a gift from Okawaru
  5396 | D        | Reached skill level 15 in Throwing
  5403 | D        | Reached skill level 15 in Invocations
  5421 | D        | Received a gift from Okawaru
  5514 | D        | Received a gift from Okawaru
  7215 | D        | Received a gift from Okawaru
  7215 | D        | Reached skill level 1 in Shields
  7227 | D        | Noticed a shadow dragon
  7231 | D        | Noticed a shadow dragon
  7238 | D        | Received a gift from Okawaru
  7243 | D        | Received a gift from Okawaru
  7250 | D        | Killed a shadow dragon
  7250 | D        | Killed a shadow dragon
  7250 | D        | Reached skill level 15 in Dodging
  7253 | D        | Noticed an Orb Guardian
  7253 | D        | Noticed an ancient lich
  7257 | D        | Killed an Orb Guardian
  7257 | D        | Received a gift from Okawaru
  7257 | D        | Reached skill level 5 in Shields
  7257 | D        | Reached XP level 17. HP: 114/133 MP: 14/29
  7268 | D        | Killed an ancient lich
  7469 | D        | Noticed a sphinx
  7478 | D        | Killed a sphinx
  7478 | D        | Received a gift from Okawaru
  7503 | D        | Received a gift from Okawaru
  7510 | D        | Got a silver rune of Zot
  7630 | D        | Got the amulet "Emnon" {Reflect *Contam Str+3 Slay+2 SH+2 Stlth+}
  7632 | D        | Got the ring "Ikalofy" {rF+ rC+ rN++ Stlth-}
  7634 | D        | Got the ring of Kum Xifagud {Fire MR++ Int-4}
  7636 | D        | Got the ring of the Priest {rF++ MR++ EV+3 Str-4}
  7638 | D        | Got the ring of the Empty Page {rPois Dex+3}
 10588 | D        | Fell from the grace of Okawaru
 10588 | D        | Became a worshipper of the Shining One
 11844 | D        | Noticed Sojobo
 11846 | D        | Reached * piety under the Shining One
 12791 | D        | Killed Sojobo
 12791 | D        | Reached skill level 5 in Evocations
 13213 | D        | Noticed Saint Roka
 13233 | D        | Killed Saint Roka
 13547 | D        | Reached ** piety under the Shining One
 13547 | D        | Reached *** piety under the Shining One
 13563 | D        | Reached skill level 10 in Shields
 13618 | D        | Noticed a golden dragon
 13618 | D        | Reached **** piety under the Shining One
 13618 | D        | Noticed a golden dragon
 13625 | D        | Reached ***** piety under the Shining One
 13626 | D        | Killed a golden dragon
 13626 | D        | Killed a golden dragon
 13626 | D        | Reached XP level 18. HP: 131/144 MP: 18/30
 13870 | D        | Reached ****** piety under the Shining One
 13870 | D        | Reached skill level 27 in Fighting
 13879 | D        | Reached skill level 27 in Armour
 14148 | D        | Identified a +6 sacred scourge of holy wrath (a +4 demon whip blessed by the Shining One)
 14148 | D        | Received a gift from the Shining One
 14154 | D        | Noticed a golden dragon
 14154 | D        | Noticed a golden dragon
 14154 | D        | Noticed a tentacled monstrosity
 14154 | D        | Noticed a curse toe
 14160 | D        | Killed a curse toe
 14165 | D        | Killed a tentacled monstrosity
 14176 | D        | Killed a golden dragon
 14176 | D        | Reached skill level 10 in Evocations
 14179 | D        | Killed a golden dragon
 14241 | D        | Noticed a titan
 14248 | D        | Killed a titan
 14317 | D        | Noticed a tentacled monstrosity
 14328 | D        | Killed a tentacled monstrosity
 14385 | D        | Reached skill level 27 in Maces & Flails
 14385 | D        | Reached skill level 15 in Shields
 14387 | D        | Noticed a tentacled monstrosity
 14391 | D        | Killed a tentacled monstrosity
 14525 | D        | Noticed an Orb Guardian
 14525 | D        | Noticed an Orb Guardian
 14525 | D        | Noticed an Orb Guardian
 14525 | D        | Noticed an Orb Guardian
 14525 | D        | Noticed an Orb Guardian
 14525 | D        | Noticed an Orb Guardian
 14527 | D        | Killed an Orb Guardian
 14528 | D        | Noticed an Orb Guardian
 14528 | D        | Killed an Orb Guardian
 14528 | D        | Killed an Orb Guardian
 14528 | D        | Reached XP level 19. HP: 151/151 MP: 18/31
 14561 | D        | Noticed a golden dragon
 14561 | D        | Noticed a golden dragon
 14565 | D        | Reached skill level 15 in Evocations
 14565 | D        | Killed a golden dragon
 14569 | D        | Killed a golden dragon
 14679 | D        | Noticed an orb of fire
 14679 | D        | Noticed an ancient lich
 14686 | D        | Killed an ancient lich
 14687 | D        | Gained mutation: You do not regenerate when monsters are visible. [an orb of fire]
 14700 | D        | Killed an orb of fire
 14731 | D        | Noticed an electric golem
 14738 | D        | Killed an electric golem
 14771 | D        | Noticed an orb of fire
 14771 | D        | Noticed an orb of fire
 14773 | D        | Noticed an orb of fire
 14774 | D        | Killed an orb of fire
 14779 | D        | Gained mutation: Armour fits poorly on your strangely shaped body. [an orb of fire]
 14780 | D        | Noticed an orb of fire
 14926 | D        | Noticed an electric golem
 14937 | D        | Killed an electric golem
 14947 | D        | HP: 5/151 [orb of fire/bolt of fire (55)]
 15462 | D        | Reached XP level 20. HP: 130/157 MP: 24/33
 15548 | D        | Gained mutation: You are resistant to hostile enchantments. (MR+) [an orb of fire]
 15564 | D        | Gained mutation: Your body sometimes deteriorates upon taking damage. [an orb of fire]
 15566 | D        | Gained mutation: Your magical capacity is low. (-10% MP) [an orb of fire]
 15571 | D        | Gained mutation: You have a pair of small antennae on your head. [an orb of fire]
 15572 | D        | Killed an orb of fire
 15614 | D        | Gained mutation: Your spells are a little easier to cast, but a little less powerful. [an orb of fire]
 15619 | D        | Killed from afar by an orb of fire

Vault maps used:
D:        linesprint

Skill      XL: |  1  2  3  4  5  6  7  8  9 10 11 12 13 14 15 16 17 18 19 20 |
---------------+-------------------------------------------------------------+-----
Armour         | 1 4 6 7 9 10 12 13 15 17 18 20 22 24 26 27 | 27.0
Throwing       | 2 3 4 5 6 7 8 9 10 12 13 14 16 17 19 22 23 | 23.4
Fighting       | 3 5 6 7 8 10 11 12 14 15 17 18 20 22 24 26 27 | 27.0
Maces & Flails | 5 6 7 8 9 10 11 13 14 16 17 19 21 23 24 27 | 27.0
Dodging        | 3 4 5 6 7 8 9 10 11 12 13 15 16 18 21 | 21.9
Invocations    | 4 7 10 12 14 16 17 | 17.2
Evocations     | 3 4 7 13 18 | 18.9
Shields        | 5 10 16 21 22 | 22.3

Action                   |  1- 3 |  4- 6 |  7- 9 | 10-12 | 13-15 | 16-18 | 19-21 || total
-------------------------+-------+-------+-------+-------+-------+-------+-------++-------
Melee: Flail             |    42 |       |       |    19 |   219 |   157 |       ||   437
       Morningstar       |       |    19 |    75 |   166 |       |       |       ||   260
       Punch             |       |       |       |     3 |    11 |     6 |       ||    20
       Demon whip        |       |       |       |       |   104 |   211 |       ||   315
       Sacred scourge    |       |       |       |       |       |    53 |   151 ||   204
Throw: Throwing net      |       |     1 |     2 |     2 |       |       |       ||     5
       Javelin           |       |       |       |    34 |    88 |    80 |    22 ||   224
       Tomahawk          |       |       |       |     6 |     3 |       |     3 ||    12
Invok: Heroism           |       |       |     2 |    10 |    14 |     4 |       ||    30
       Finesse           |       |       |       |     2 |    12 |     4 |       ||    18
       Divine Shield     |       |       |       |       |       |     8 |     7 ||    15
       Brand Weapon With |       |       |       |       |       |     1 |       ||     1
       Summon Divine War |       |       |       |       |       |       |     1 ||     1
  Use: Potion            |     3 |       |       |     4 |     2 |     9 |     1 ||    19
       Scroll            |       |       |       |     1 |     4 |     7 |     2 ||    14
 Stab: Held in net/web   |       |       |     3 |       |       |       |       ||     3
  Eat: Chunk             |       |       |       |     4 |       |     5 |     1 ||    10
       Ration            |       |       |       |     1 |     2 |     7 |     1 ||    11
Armor: Leather armour    |    20 |       |       |       |       |       |       ||    20
       Chain mail        |       |    13 |    28 |    68 |    76 |       |       ||   185
       Plate armour      |       |       |       |       |    58 |    86 |    19 ||   163
Dodge: Dodged            |    25 |    13 |    38 |    95 |   180 |   119 |    35 ||   505
Block: Buckler           |       |       |       |       |       |    14 |       ||    14
       Large shield      |       |       |       |       |       |   197 |   122 ||   319
       Reflection        |       |       |       |       |       |     5 |     8 ||    13

Table legend:
 A = Spawn XP
 B = Non-spawn XP
 C = Spawn XP percentage of total XP
 D = Spawn monster count
 E = Non-spawn monster count
 F = Spawn count percentage of total count
 G = Total turns spent on level
                    A         B        C        D         E        F      G
               +---------+---------+-------+---------+---------+-------+---------
         Total |       0 |  415189 |   0.0 |       0 |     390 |   0.0 | 15619
               +---------+---------+-------+---------+---------+-------+---------
             D |       0 |  415189 |   0.0 |       0 |     390 |   0.0 | 15619
               +---------+---------+-------+---------+---------+-------+---------
